 Dungeon Crawl Stone Soup version 0.21-a0-472-g223bcb9 (webtiles) character file.

72 slep the Slasher (level 4, 0/35 HPs)
             Began as a Human Monk on Nov 22, 2017.
             Killed from afar by an orc wizard (5 damage)
             ... with a puff of flame
             ... on level 4 of the Dungeon.
             The game lasted 00:06:16 (1833 turns).

slep the Slasher (Human Monk)                       Turns: 1833, Time: 00:06:17

Health: 0/35       AC:  6    Str: 12    XL:     4   Next: 48%
Magic:  4/4        EV: 10    Int: 10    God:
Gold:   76         SH:  0    Dex: 16    Spells: 3/3 levels left

rFire    . . .     SeeInvis .   a - +0 falchion
rCold    . . .     Gourm    .   (no shield)
rNeg     . . .     Faith    .   e - +0 scale mail
rPois    .         Spirit   .   (no helmet)
rElec    .         Reflect  .   (no cloak)
rCorr    .         Harm     .   (no gloves)
MR       .....                  (no boots)
Stlth    +.........             (no amulet)
HPRegen  0.11/turn              (no ring)
MPRegen  0.09/turn              (no ring)

@: lethally poisoned (0 -> -4)
A: no striking features
a: no special abilities


You were on level 4 of the Dungeon.
You were not hungry.

You visited 1 branch of the dungeon, and saw 3 of its levels.

You collected 76 gold pieces.

Inventory:

Hand Weapons
 a - a +0 falchion (weapon)
 q - a +1 hand axe of electrocution
 s - a +2 short sword of venom
Missiles
 k - 11 poisoned needles
Armour
 b - a +0 robe
 e - a +0 scale mail (worn)
Scrolls
 d - a scroll of remove curse
 h - 3 scrolls of teleportation {unknown}
 j - 2 scrolls of enchant armour {unknown}
 o - 2 scrolls of identify {unknown}
 p - a scroll of amnesia {unknown}
Potions
 l - 2 potions of berserk rage {unknown}
 m - a potion of flight {unknown}
 n - a potion of heal wounds {unknown}
 r - 2 potions of haste {unknown}
Comestibles
 c - 4 bread rations
 f - 3 meat rations
 g - 2 royal jellies
 i - 7 fruits


   Skills:
 + Level 3.4 Fighting
 + Level 4.0 Long Blades
 + Level 1.1 Armour
 + Level 3.4 Dodging
 + Level 2.1 Stealth


You had 3 spell levels left.
You didn't know any spells.

Dungeon Overview and Level Annotations

Branches:
Dungeon (2/15)

Altars:
Gozag

Annotations:
D:4 Eustachio


Message History

The orc wizard hits you but does no damage.
The jackal bites you but does no damage.
The orc wizard hits you with a dagger. The bat hits you but does no damage.
The orc wizard hits you with a dagger. The iguana bites you.
You barely miss the iguana. The bat barely misses you.
The orc wizard points at you and mumbles some strange words.
The magic dart hits you!
The phantom blinks!
The iguana bites you. The jackal bites you.
* * * LOW HITPOINT WARNING * * *
As you read the scroll labeled PAVITAFINE, it crumbles to dust.
You feel blessed for a moment.
It was a scroll of remove curse.
The orc wizard hits you with a dagger.
* * * LOW HITPOINT WARNING * * *
The adder bites you.
* * * LOW HITPOINT WARNING * * *
You are poisoned.
The adder poisons you!
The orc wizard gestures at you while chanting.
The puff of flame hits you!
You die...

#.##.##
###.#..r#
....#...#
...o#.@W#
....o.l.#
....#{o.#
.....#ha.#
...#


#oSb# ... #@h.# .. #l..# .#### .. ... ...# .... ####. You could see Eustachio, a
phantom, an iguana, a worker ant, 2 orc wizards, an adder, a river rat, an orc,
2 jackals, a bat and a frilled lizard.

Vanquished Creatures
  An adder (D:2)
  2 worms (D:2)
  2 dart slugs
  2 leopard geckos
  4 bats (D:2)
  A giant cockroach (D:1)
  3 goblins (D:1)
  10 jackals
  A quokka (D:2)
  A ball python (D:2)
  5 frilled lizards
  10 kobolds
  7 rats
49 creatures vanquished.

Notes
Turn   | Place    | Note
-------+----------+-------------------------------------------
     0 | D:1      | slep the Human Monk began the quest for the Orb.
     0 | D:1      | Reached XP level 1. HP: 18/18 MP: 1/1
    72 | D:1      | Reached XP level 2. HP: 9/24 MP: 2/2
   341 | D:1      | Reached XP level 3. HP: 29/29 MP: 3/3
  1093 | D:2      | Reached XP level 4. HP: 25/35 MP: 4/4
  1333 | D:2      | Reached skill level 4 in Long Blades
  1625 | D:2      | Reached skill level 1 in Armour
  1726 | D:2      | Found an opulent altar of Gozag.
  1798 | D:2      | You fall through a shaft for 2 floors!
  1798 | D:4      | Noticed Eustachio
  1809 | D:4      | Noticed a phantom
  1833 | D:4      | Killed from afar by an orc wizard

Vault maps used:
D:1:      minmay_arrival_wavy_path
D:2:      minmay_diamond_boxcup, nicolae_gozag_cash_rules_everything_around_me,
          first_bread
D:4:      kennysheep_mini_moat, dancing_weapons_uskayaw, uniq_eustachio,
          uniq_blork_the_orc

Skill      XL: |  1  2  3  4 |
---------------+-------------+-----
Long Blades    | 4 |  4.0
Armour         | 1 |  1.1
Fighting       | |  3.4
Dodging        | |  3.4
Stealth        | |  2.1

Action                   |  1- 3 |  4- 6 || total
-------------------------+-------+-------++-------
Melee: Falchion          |   107 |    60 ||   167
  Use: Scroll            |       |     1 ||     1
 Stab: Sleeping          |     1 |       ||     1
  Eat: Chunk             |       |     3 ||     3
Armor: Robe              |     7 |       ||     7
       Scale mail        |    34 |    43 ||    77
Dodge: Dodged            |    99 |    53 ||   152
       Rpst.: Falchion   |    20 |    18 ||    38

Table legend:
 A = Spawn XP
 B = Non-spawn XP
 C = Spawn XP percentage of total XP
 D = Spawn monster count
 E = Non-spawn monster count
 F = Spawn count percentage of total count
 G = Total turns spent on level
                    A         B        C        D         E        F      G
               +---------+---------+-------+---------+---------+-------+---------
         Total |       0 |     103 |   0.0 |       0 |      49 |   0.0 |  1833
               +---------+---------+-------+---------+---------+-------+---------
           D:1 |       0 |      39 |   0.0 |       0 |      23 |   0.0 |   875
           D:2 |       0 |      64 |   0.0 |       0 |      26 |   0.0 |   923
               +---------+---------+-------+---------+---------+-------+---------
